AoeStats
← hwdelves

Nomad

510059968Analyzed
2v2 RM · 4d ago on Sep 29, 2026· 75m 5s· 4 players
Game mode
Random Map
Map size
176×176
Population
200
Speed
Normal
Resources
Standard
Victory
Conquest
Starting age
Dark Age
Ending age
Imperial Age
RankedLock teamsTeams togetherTeam positionsShared explorationLock speedFull tech treeHidden civsTurbo modeCheats
Victory
Defeat
🇺🇸 Varangians · United States
762
+13
🇺🇸 Spanish · United States
724
+31
🇦🇺 Turks · Australia
709
-14
🇦🇺 Lithuanians · Australia
670
-13
horus001
14:13 Feudal Age
18:08 Fishing Lines
20:12 Padded Archer Armor
20:02 Fletching
20:23 Forging
20:13 Scale Mail Armor
20:18 Scale Barding Armor
23:27 Man-at-Arms
27:40 Horse Collar
33:28 Wheelbarrow
39:20 Castle Age
40:49 Gillnets
41:11 Medium Warships
41:12 Pikeman
42:25 Double-Bit Axe
47:59 Hand Cart
48:57 Heavy Plow
49:11 Bow Saw
59:27 Gold Mining
60:30 Ballistics
62:29 Stone Mining
67:14 Imperial Age
69:02 Chemistry
69:02 Elite Conquistador
69:44 Elite Conquistador
GaryTheSnail
8:44 Loom
14:50 Feudal Age
21:44 Castle Age
20:00 Bloodlines
23:56 Pikeman
29:07 Scale Barding Armor
28:53 Fletching
36:23 Imperial Age
35:25 Chain Barding Armor
37:29 Wheelbarrow
38:22 Double-Bit Axe
38:20 Horse Collar
39:04 Conscription
42:29 Town Watch
43:50 Plate Barding Armor
43:48 Halberdier
44:30 Squires
46:03 Elite Jarl
47:18 Heavy Plow
52:22 Hand Cart
53:57 Forging
57:30 Ballistics
58:10 Chemistry
57:06 Murder Holes
60:17 Husbandry
63:12 Iron Casting
62:34 Bodkin Arrow
62:39 Fishing Lines
65:45 Bow Saw
66:08 Crop Rotation
65:32 Gold Mining
65:33 Stone Mining
69:37 Siege Engineers
69:14 Treadmill Crane
69:40 Bracer
69:40 Padded Archer Armor
70:42 Blast Furnace
69:08 Vendel Legacy
70:23 Coinage
will
18:23 Feudal Age
19:12 Double-Bit Axe
20:19 Horse Collar
20:50 Gold Mining
20:59 Stone Mining
25:30 Castle Age
26:27 Bloodlines
27:04 Pikeman
40:49 Bow Saw
41:22 Husbandry
40:45 Light Cavalry
49:47 Imperial Age
48:36 Wheelbarrow
47:47 Town Watch
49:52 Cavalier
50:45 Murder Holes
51:01 Scale Barding Armor
51:07 Forging
52:11 Heavy Plow
55:16 Paladin
57:39 Winged Hussar
58:44 Hand Cart
59:22 Town Patrol
hwdelves
15:12 Feudal Age
16:36 Wheelbarrow
19:11 Bloodlines
22:37 Scale Barding Armor
23:50 Forging
30:19 Castle Age
42:08 Hand Cart
44:56 Double-Bit Axe
50:03 Bow Saw
57:13 Squires
60:35 Imperial Age
62:18 Stone Mining
62:19 Gold Mining
64:05 Elite Janissary
Connection lost

Rejoining the realm…

Still unreachable

The connection could not be restored.

Session expired

The server has moved on; the page needs a fresh start.